 Dungeon Crawl Stone Soup version 0.21.0-3-g78d12a8 (webtiles) character file.

3973 Kurtz the Basher (level 10, -2/63 HPs)
             Began as an Octopode Abyssal Knight on Jan 18, 2018.
             Was an Elder of Lugonu.
             Slain by an orc warrior
             ... wielding a +0 long sword
              (25 damage)
             ... on level 8 of the Dungeon.
             The game lasted 00:13:32 (10297 turns).

Kurtz the Basher (Octopode Abyssal Knight)         Turns: 10297, Time: 00:13:33

Health: -2/63      AC:  3    Str: 22      XL:     10   Next: 22%
Magic:  11/13      EV: 14    Int: 13 (15) God:    Lugonu [****..]
Gold:   364        SH:  0    Dex: 13      Spells: 6/13 levels left

rFire    . . .     SeeInvis +   j - +3 whip (elec)
rCold    + . .     Gourm    .   (no shield)
rNeg     . . .     Faith    .   (helmet restricted)
rPois    .         Spirit   .   (no amulet)
rElec    .         Reflect  .   d - +6 ring of strength
rCorr    .         Harm     .   y - ring of protection from cold
MR       .....                  B - ring of see invisible
Stlth    +++++.....             r - +3 ring of strength
HPRegen  0.20/turn              (no ring)
MPRegen  0.13/turn              (no ring)
                                (no ring)
                                (no ring)

@: very slightly contaminated
A: almost no armour, stealthy swim, amphibious, 8 rings, constrict 8, tentacle
spike 1, slimy green scales 1, camouflage 1, gelatinous body 1
a: Depart the Abyss, Bend Space, Banish, Corrupt, Renounce Religion


You were on level 8 of the Dungeon.
You worshipped Lugonu.
Lugonu was greatly pleased with you.
You were not hungry.

You visited 1 branch of the dungeon, and saw 9 of its levels.
You visited the Abyss 1 time.

You collected 364 gold pieces.

Inventory:

Hand Weapons
 a - a +1 spear
 j - a +3 whip of electrocution (weapon)
 x - a +2 whip of electrocution
Missiles
 i - 261 stones
 q - 19 tomahawks (quivered)
Jewellery
 d - a +6 ring of strength (left tentacle)
 r - a +3 ring of strength (on tentacle)
 y - a ring of protection from cold (right tentacle)
 B - a ring of see invisible (on tentacle)
Scrolls
 c - 2 scrolls of teleportation
 f - 3 scrolls of enchant weapon
 g - 2 scrolls of fear {unknown}
 k - a scroll of torment {unknown}
 p - a scroll of magic mapping {unknown}
 s - 2 scrolls of blinking {unknown}
 v - 3 scrolls of remove curse
 w - 3 scrolls of fog {unknown}
Potions
 e - a potion of brilliance {unknown}
 l - a potion of ambrosia
 m - a potion of heal wounds
 t - a potion of might
 u - a potion of lignification
 A - a potion of magic
 C - 2 potions of haste
Books
 D - a book of Minor Magic

   Spells                             Type                      Level
   a - Magic Dart                     Conjuration                  1
   b - Blink                          Translocation                2
   c - Call Imp                       Summoning                    2
   d - Slow                           Hexes                        2
   e - Conjure Flame                  Conjuration/Fire             3
   f - Mephitic Cloud                 Conjuration/Poison/Air       3
Comestibles
 b - 7 rations
 h - 3 chunks of flesh


   Skills:
 + Level 3.7 Fighting
 + Level 11.6 Maces & Flails
 - Level 2.8 Polearms
 - Level 2.4 Dodging
 * Level 8.3 Stealth
 * Level 2.2 Spellcasting
 * Level 2.4 Conjurations
 * Level 3.1 Poison Magic
 - Level 2.0 Invocations


You had 6 spell levels left.
You knew the following spells:

 Your Spells              Type           Power        Failure   Level  Hunger
a - Magic Dart            Conj           #...         10%         1    ##.....
b - Conjure Flame         Conj/Fire      #.......     41%         3    ####...
c - Mephitic Cloud        Conj/Pois/Air  #.......     34%         3    ####...


Dungeon Overview and Level Annotations

Branches:
Dungeon (9/15)             Temple (0/1) D:4             Orc (0/2) D:9
   Lair: D:8-11

Altars:
Ashenzari
Cheibriados
Dithmenos
Qazlal
Sif Muna
Wu Jian
Xom

Annotations:
D:6 1 exclusion


Innate Abilities, Weirdness & Mutations

You cannot wear most types of armour.
You are very stealthy in the water. (Stealth+)
You are amphibious.
You can wear up to eight rings at the same time.
You can use your tentacles to constrict eight enemies at once.
Your skin changes colour to match your surroundings (Stealth+).
Your rubbery body absorbs attacks. (AC +1, EV +1)
One of your tentacles bears a spike.
You are partially covered in slimy green scales. (AC +2)


Message History

The orc warrior barely misses you. The orc barely misses you.
The orc hits you with a hand axe.
You climb upwards.
There is a stone staircase leading down here.
Unknown command.
You hit the orc. Your grab misses the orc.
You pierce the orc.
You kill the orc!
Lugonu accepts your kill. The iguana completely misses you.
The orc hits you but does no damage.
Things that are here:
a hand axe; an orc corpse Space bends around you!
You blink.
The orc hits you. The iguana bites you!
Casting: Mephitic Cloud
Confirm with . or Enter, or press ? or * to list all spells.
Okay, then.
You fail to use your ability.
The orc hits you. The iguana bites you! Space bends around you!
You blink.
The orc warrior hits you with a long sword!!
You die...

..#.#.#####.#..# #.#.# #..#
............#..# #...####.#.
..#.#..........#########.......##
..#.#########..............###...
..#.# #.###..............#. .<..#
#.....#####.......###
..###########.########.#.###.## #
.......)......##.......#.# #.#
.###############@#####.#.###.## #
.# #o# ##.......### .# #o#
##.#.#..... .# #§# #.#.#..... .#
#l# #......... .# ######o#
##......... .##########...##.#
#...†......
..............##.#######.........
..###.###.#...##.................


You could see an orc warrior, an iguana and 2 orcs.

Vanquished Creatures
  A two-headed ogre (D:8)
  Pikel (D:4)
  A wyvern (D:8)
  Duvessa (D:5)
  An ice beast (D:7)
  An orc warrior (D:7)
  A sky beast (D:6)
  2 slaves (D:4)
  A black bear (D:6)
  An ogre (D:5)
  2 centaurs
  A crocodile (D:7)
  A bullfrog (D:8)
  Dowan (D:6)
  A scorpion (D:5)
  11 killer bees
  An electric eel (D:7)
  A crimson imp (D:7)
  4 hounds
  2 jellies
  A centaur skeleton (D:7)
  5 orc priests
  A bullfrog skeleton (D:5)
  2 iguanas
  Natasha (thrice) (D:4)
  8 orc wizards
  8 worker ants
  A hound zombie (D:7)
  2 hound skeletons
  A worker ant zombie (D:6)
  6 gnolls
  A howler monkey skeleton (D:8)
  10 adders
  A shadow imp (D:5)
  An ooze (D:4)
  An adder skeleton (D:4)
  2 worms
  3 dart slugs
  A leopard gecko (D:2)
  27 orcs
  A ball python (D:5)
  5 bats
  4 giant cockroaches
  7 goblins
  6 hobgoblins
  14 jackals
  3 quokkas
  3 frilled lizards
  A jackal zombie (D:5)
  8 kobolds
  5 rats
  A bush (D:5)
179 creatures vanquished.

Vanquished Creatures (others)
  8 fungi (D:6)
  9 toadstools (D:6)
17 creatures vanquished.

Grand Total: 196 creatures vanquished

Notes
Turn   | Place    | Note
-------+----------+-------------------------------------------
     0 | Abyss:1  | Kurtz the Octopode Abyssal Knight began the quest for the Orb.
     0 | Abyss:1  | Reached XP level 1. HP: 16/16 MP: 2/2
    46 | Abyss:1  | Noticed a wretched star
    50 | D:1      | Escaped the Abyss
   430 | D:1      | Reached * piety under Lugonu
   430 | D:1      | Reached XP level 2. HP: 21/21 MP: 3/3
  1114 | D:2      | Reached skill level 1 in Maces & Flails
  1120 | D:2      | Reached XP level 3. HP: 17/26 MP: 4/4
  1402 | D:2      | Reached skill level 2 in Maces & Flails
  1451 | D:2      | Found a shattered altar of Ashenzari.
  1613 | D:2      | Reached ** piety under Lugonu
  1613 | D:2      | Reached XP level 4. HP: 31/31 MP: 5/5
  1615 | D:2      | Reached skill level 3 in Maces & Flails
  1712 | D:2      | Found a snail-covered altar of Cheibriados.
  1970 | D:2      | Reached XP level 5. HP: 22/36 MP: 6/6
  2242 | D:3      | Reached skill level 4 in Maces & Flails
  2689 | D:3      | Found a shadowy altar of Dithmenos.
  2691 | D:3      | Found a stormy altar of Qazlal.
  2752 | D:3      | Found a deep blue altar of Sif Muna.
  2919 | D:4      | Reached skill level 5 in Maces & Flails
  2921 | D:4      | Reached XP level 6. HP: 16/42 MP: 7/7
  3276 | D:4      | Noticed a slave
  3277 | D:4      | Noticed a slave
  3281 | D:4      | Noticed a slave
  3284 | D:4      | Noticed a slave
  3284 | D:4      | Killed a slave
  3288 | D:4      | Noticed Pikel
  3289 | D:4      | Killed a slave
  3471 | D:4      | Found a staircase to the Ecumenical Temple.
  3609 | D:4      | Noticed Natasha
  3615 | D:4      | Killed Natasha
  3619 | D:4      | Noticed Natasha
  3624 | D:4      | Killed Natasha
  3770 | D:4      | Killed Pikel
  3770 | D:4      | Reached skill level 8 in Maces & Flails
  3770 | D:4      | Reached XP level 7. HP: 22/46 MP: 8/8
  4046 | D:4      | Found an ornate altar of the Wu Jian Council.
  4194 | D:4      | Noticed Natasha
  4199 | D:4      | Killed Natasha
  4222 | D:5      | Entered Level 5 of the Dungeon
  4229 | D:5      | Reached XP level 8. HP: 40/52 MP: 9/9
  4320 | D:5      | Reached *** piety under Lugonu
  4705 | D:5      | Reached skill level 9 in Maces & Flails
  4845 | D:5      | Reached skill level 1 in Stealth
  5182 | D:6      | Noticed Duvessa
  5182 | D:6      | Noticed Dowan
  5191 | D:6      | Killed Dowan
  5767 | D:5      | Killed Duvessa
  5996 | D:6      | Reached skill level 10 in Maces & Flails
  6426 | D:6      | Reached XP level 9. HP: 28/56 MP: 7/10
  7635 | D:7      | Reached **** piety under Lugonu
  7635 | D:7      | Reached skill level 11 in Maces & Flails
  7925 | D:7      | Learned a level 1 spell: Magic Dart
  7929 | D:7      | Learned a level 3 spell: Conjure Flame
  7933 | D:7      | Learned a level 3 spell: Mephitic Cloud
  8104 | D:7      | Found a shimmering altar of Xom.
  8298 | D:8      | Reached skill level 5 in Stealth
  8350 | D:8      | Reached skill level 1 in Poison Magic
  8831 | D:7      | Gained mutation: One of your tentacles bears a spike. [potion of mutation]
  8831 | D:7      | Gained mutation: You are partially covered in slimy green scales. (AC +2) [potion of mutation]
  8847 | D:7      | Reached skill level 1 in Conjurations
  9147 | D:8      | Reached skill level 1 in Spellcasting
  9299 | D:8      | Noticed a two-headed ogre
  9308 | D:8      | Killed a two-headed ogre
  9308 | D:8      | Reached XP level 10. HP: 29/63 MP: 0/12
 10249 | D:9      | Found a staircase to the Orcish Mines.
 10297 | D:8      | Slain by an orc warrior

Skill      XL: |  1  2  3  4  5  6  7  8  9 10 |
---------------+-------------------------------+-----
Maces & Flails | 1 2 3 5 8 10 11 | 11.6
Stealth        | 3 7 8 |  8.3
Poison Magic   | 2 3 |  3.1
Conjurations   | 2 |  2.4
Spellcasting   | 1 2 |  2.2
Fighting       | |  3.7
Polearms       | |  2.8
Dodging        | |  2.4
Invocations    | |  2.0

Action                   |  1- 3 |  4- 6 |  7- 9 | 10-12 || total
-------------------------+-------+-------+-------+-------++-------
Melee: Spear             |    23 |       |       |       ||    23
       Constrict         |    15 |    21 |    31 |    11 ||    78
       Tentacles         |     8 |    17 |    45 |     9 ||    79
       Whip              |    30 |    85 |   205 |    76 ||   396
       Kick              |       |       |     6 |    16 ||    22
Throw: Throwing net      |       |     1 |       |       ||     1
       Tomahawk          |       |    13 |     4 |       ||    17
       Stone             |       |     2 |       |       ||     2
 Cast: Magic Dart        |       |       |     3 |    10 ||    13
       Conjure Flame     |       |       |     1 |     3 ||     4
       Mephitic Cloud    |       |       |     1 |     3 ||     4
Invok: Depart the Abyss  |     1 |       |       |       ||     1
       Bend Space        |       |     1 |     9 |     2 ||    12
  Use: Potion            |       |       |    11 |     1 ||    12
       Scroll            |       |       |     5 |     1 ||     6
 Stab: Sleeping          |     7 |     3 |    12 |     1 ||    23
       Distracted        |       |     1 |       |       ||     1
       Invisible         |       |       |     2 |       ||     2
       Confused          |       |       |       |     2 ||     2
  Eat: Chunk             |     2 |     7 |    13 |     6 ||    28
       Ration            |       |       |     1 |       ||     1
Armor: Skin              |     1 |     1 |    10 |    16 ||    28
Dodge: Dodged            |    27 |    38 |    79 |    30 ||   174
